General information
- name: BNet
- type: Ladder team game (AT/RT)
- host: Battle.net
- saver: RoganJosh.Yum
map: Friends
- players: 8
- length: 42:16
- speed: Fast
- version: 1.23 W3XP
- replay type:

» download(387 KB)
Players
team 1 (loser)
arensis (
pink | 65 APM | 2735 actions | 42:02)
7 Blademaster
3 Wind Walk
3 Critical Strike
1 Bladestorm
» actions
| Assign group hotkey | 58 | |
| Basic commands | 89 | |
| Build / train | 114 | |
| ESC pressed | 2 | |
| Enter build submenu | 19 | |
| Enter hero's abilities submenu | 7 | |
| Give item / drop item | 1 | |
| Remove unit from queue | 1 | |
| Right click | 979 | |
| Select / deselect | 693 | |
| Select group hotkey | 703 | |
| Use ability | 69 | |
2735 total
» units
| Peon | 13 | |
| Grunt | 6 | |
| Wind Rider | 21 | |
| Shaman | 13 | |
| Demolisher | 31 | |
| Troll Batrider | 2 | |
86 total
» upgrades
| Shaman Training | 2 | |
| Pillage | 1 | |
| Burning Oil | 1 | |
| Ranged Weapons | 3 | |
| Envenomed Spears | 1 | |
8 total
» buildings
| Altar of Storms | 1 | |
| Orc Burrow | 9 | |
| War Mill | 1 | |
| Barracks | 2 | |
| Voodoo Lounge | 1 | |
| Stronghold | 1 | |
| Beastiary | 1 | |
| Fortress | 1 | |
| Spirit Lodge | 1 | |
| Great Hall | 2 | |
20 total
» build order
00:04 Altar of Storms
00:06 Orc Burrow
00:51 War Mill
01:09 Barracks
01:48 Orc Burrow
02:23 Voodoo Lounge
03:36 Stronghold
04:13 Orc Burrow
05:12 Orc Burrow
06:01 Beastiary
06:02 Fortress
06:12 Spirit Lodge
08:03 Orc Burrow
10:06 Orc Burrow
12:20 Orc Burrow
18:07 Orc Burrow
19:34 Orc Burrow
21:20 Great Hall
31:46 Great Hall
31:54 Barracks
» items
| Healing Salve | 4 | |
| Orb of Lightning | 1 | |
| Scroll of Regeneration | 2 | |
| Lesser Clarity Potion | 1 | |
| Scroll of Town Portal | 1 | |
9 total
Civi (
orange | 32 APM | 1145 actions | 35:51)
5 Death Knight
3 Death Coil
2 Unholy Aura
5 Lich
3 Frost Nova
2 Frost Armor
» actions
| Assign group hotkey | 87 | |
| Basic commands | 6 | |
| Build / train | 68 | |
| Enter build submenu | 21 | |
| Enter hero's abilities submenu | 10 | |
| Remove unit from queue | 1 | |
| Right click | 560 | |
| Select / deselect | 213 | |
| Select group hotkey | 110 | |
| Use ability | 69 | |
1145 total
» units
| Acolyte | 19 | |
| Ghoul | 2 | |
| Crypt Fiend | 6 | |
| Frost Wyrm | 11 | |
38 total
» upgrades
| Web | 1 | |
| Freezing Breath | 1 | |
| Creature Attack | 2 | |
| Creature Carapace | 2 | |
6 total
» buildings
| Crypt | 1 | |
| Graveyard | 1 | |
| Altar of Darkness | 1 | |
| Ziggurat | 8 | |
| Tomb of Relics | 1 | |
| Halls of the Dead | 1 | |
| Nerubian Tower | 1 | |
| Black Citadel | 1 | |
| Sacrificial Pit | 1 | |
| Boneyard | 4 | |
20 total
» build order
00:10 Crypt
00:13 Graveyard
00:35 Altar of Darkness
01:02 Ziggurat
01:32 Tomb of Relics
02:08 Ziggurat
03:13 Halls of the Dead
03:34 Ziggurat
05:27 Ziggurat
05:29 Nerubian Tower
07:03 Black Citadel
07:06 Sacrificial Pit
11:08 Boneyard
11:10 Boneyard
11:16 Boneyard
11:18 Boneyard
12:58 Ziggurat
13:02 Ziggurat
13:03 Ziggurat
14:13 Ziggurat
» items
| Potion of Healing | 1 | |
| Scroll of Regeneration | 1 | |
| Inferno Stone | 1 | |
| Talisman of the Wild | 1 | |
| Demonic Figurine | 1 | |
| Healing Wards | 2 | |
| Scroll of Restoration | 1 | |
8 total
elfprincess (
red | 40 APM | 1708 actions | 42:14)
6 Mountain King
3 Storm Bolt
2 Bash
1 Avatar
1 Death Knight
1 Animate Dead
» actions
| Build / train | 110 | |
| Enter build submenu | 28 | |
| Enter hero's abilities submenu | 7 | |
| Right click | 1128 | |
| Select / deselect | 398 | |
| Use ability | 37 | |
1708 total
» units
| Peasant | 10 | |
| Footman | 12 | |
| Mortar Team | 12 | |
| Knight | 20 | |
| Dragonhawk Rider | 13 | |
| Siege Engine | 11 | |
| Frost Wyrm | 11 | |
89 total
» upgrades
| Animal War Training | 1 | |
| Swords | 2 | |
| Plating | 2 | |
| Cloud | 1 | |
| Fragmentation Shards | 1 | |
| Barrage | 1 | |
8 total
» buildings
| Altar of Kings | 1 | |
| Barracks | 2 | |
| Farm | 14 | |
| Lumber Mill | 1 | |
| Scout Tower | 3 | |
| Guard Tower | 3 | |
| Keep | 1 | |
| Blacksmith | 1 | |
| Arcane Vault | 1 | |
| Castle | 1 | |
| Workshop | 1 | |
| Gryphon Aviary | 2 | |
31 total
» build order
00:27 Altar of Kings
00:43 Barracks
00:58 Farm
01:21 Lumber Mill
01:27 Farm
02:04 Farm
02:22 Farm
03:29 Scout Tower
03:44 Barracks
04:02 Guard Tower
04:15 Scout Tower
05:10 Keep
05:18 Guard Tower
05:27 Scout Tower
05:37 Blacksmith
05:59 Guard Tower
06:04 Farm
06:48 Farm
07:39 Arcane Vault
08:01 Farm
08:04 Castle
08:33 Workshop
09:12 Farm
09:54 Farm
10:36 Farm
16:32 Farm
17:36 Farm
25:43 Gryphon Aviary
28:54 Gryphon Aviary
34:24 Farm
40:44 Farm
Sito_Corleone (
green | 55 APM | 2304 actions | 42:08)
7 Priestess of the Moon
3 Searing Arrows
3 Trueshot Aura
1 Starfall
1 Lich
1 Death and Decay
» actions
| Assign group hotkey | 34 | |
| Basic commands | 120 | |
| Build / train | 113 | |
| Enter build submenu | 18 | |
| Enter hero's abilities submenu | 8 | |
| Remove unit from queue | 3 | |
| Right click | 1178 | |
| Select / deselect | 486 | |
| Select group hotkey | 300 | |
| Use ability | 44 | |
2304 total
» units
| Wisp | 15 | |
| Archer | 11 | |
| Glaive Thrower | 5 | |
| Druid of the Talon | 18 | |
| Forest Troll Shadow Priest | 1 | |
| Chimaera | 23 | |
| Hippogryph | 8 | |
81 total
» upgrades
| Strength of the Moon | 2 | |
| Improved Bows | 1 | |
| Ultravision | 1 | |
| Moon Armor | 1 | |
| Druid of the Talon Training | 2 | |
| Vorpal Blades | 1 | |
| Corrosive Breath | 1 | |
| Strength of the Wild | 2 | |
| Mark of the Talon | 1 | |
12 total
» buildings
| Altar of Elders | 1 | |
| Moon Well | 8 | |
| Ancient of War | 1 | |
| Tree of Ages | 1 | |
| Hunter's Hall | 1 | |
| Ancient of Wind | 1 | |
| Tree of Eternity | 4 | |
| Chimaera Roost | 2 | |
| Tree of Life | 1 | |
20 total
» build order
00:03 Altar of Elders
00:06 Moon Well
00:35 Ancient of War
01:28 Moon Well
02:48 Tree of Ages
03:21 Moon Well
03:49 Hunter's Hall
05:18 Ancient of Wind
06:30 Tree of Eternity
06:31 Tree of Eternity
06:31 Tree of Eternity
07:27 Moon Well
08:25 Moon Well
08:58 Chimaera Roost
09:59 Chimaera Roost
15:39 Moon Well
18:25 Tree of Life
26:25 Moon Well
31:41 Moon Well
» items
team 2 (winner)

»
AlasPoorYorick (
teal | 122 APM | 5154 actions | 42:14)
4 Far Seer
2 Feral Spirit
2 Chain Lighting
5 Tauren Chieftain
3 Shockwave
2 Endurance Aura
3 Shadow Hunter
2 Hex
1 Healing Wave
» actions
| Assign group hotkey | 44 | |
| Basic commands | 212 | |
| Build / train | 94 | |
| ESC pressed | 17 | |
| Enter build submenu | 73 | |
| Enter hero's abilities submenu | 12 | |
| Give item / drop item | 1 | |
| Remove unit from queue | 3 | |
| Right click | 2341 | |
| Select / deselect | 728 | |
| Select group hotkey | 1107 | |
| Use ability | 521 | |
5154 total
» units
| Peon | 28 | |
| Wind Rider | 2 | |
| Troll Batrider | 23 | |
53 total
» upgrades
| Spiked Barricades | 2 | |
| Envenomed Spears | 1 | |
| Reinforced Defenses | 1 | |
| Liquid Fire | 1 | |
| Ranged Weapons | 2 | |
| Armor | 1 | |
8 total
» buildings
| Altar of Storms | 1 | |
| Orc Burrow | 7 | |
| War Mill | 3 | |
| Watch Tower | 60 | |
| Voodoo Lounge | 2 | |
| Stronghold | 1 | |
| Beastiary | 5 | |
| Fortress | 1 | |
| Great Hall | 1 | |
81 total
» build order
00:09 Altar of Storms
00:20 Orc Burrow
00:53 War Mill
01:33 Orc Burrow
01:48 War Mill
02:42 Watch Tower
02:49 Watch Tower
03:21 Watch Tower
03:40 Watch Tower
03:47 Watch Tower
03:53 Watch Tower
04:32 Watch Tower
04:43 Watch Tower
04:48 Watch Tower
05:04 Watch Tower
05:20 Orc Burrow
05:30 Orc Burrow
05:42 Voodoo Lounge
05:55 Watch Tower
06:11 Watch Tower
06:38 Stronghold
06:48 Watch Tower
06:59 Watch Tower
07:09 Watch Tower
07:20 Watch Tower
08:05 Watch Tower
08:23 Watch Tower
08:27 Watch Tower
08:29 Watch Tower
08:57 Watch Tower
09:01 Watch Tower
10:01 Beastiary
10:03 Watch Tower
10:13 Watch Tower
10:26 Voodoo Lounge
10:54 Beastiary
10:57 Orc Burrow
11:17 Watch Tower
11:29 Watch Tower
11:32 Fortress
12:07 Watch Tower
12:12 Watch Tower
12:12 Watch Tower
12:13 Watch Tower
12:33 Watch Tower
12:38 Watch Tower
12:39 Watch Tower
13:34 Watch Tower
14:46 Watch Tower
23:30 Watch Tower
23:31 Watch Tower
23:32 Watch Tower
23:36 Watch Tower
23:37 Watch Tower
23:38 Watch Tower
23:47 Watch Tower
23:48 Watch Tower
23:50 Watch Tower
23:50 Watch Tower
23:51 Watch Tower
23:51 Watch Tower
25:30 Great Hall
29:25 Watch Tower
29:29 Watch Tower
29:29 Watch Tower
29:30 Watch Tower
29:31 Watch Tower
29:55 Watch Tower
30:26 War Mill
31:00 Watch Tower
31:09 Beastiary
31:57 Beastiary
32:05 Orc Burrow
32:22 Orc Burrow
32:30 Beastiary
33:40 Watch Tower
33:43 Watch Tower
33:45 Watch Tower
33:47 Watch Tower
33:48 Watch Tower
37:04 Watch Tower
» items
| Healing Salve | 3 | |
| Scroll of Speed | 4 | |
| Scroll of Town Portal | 3 | |
| Orb of Lightning | 2 | |
| Staff of Sanctuary | 1 | |
13 total
MasonryUpgrade (
yellow | 91 APM | 3853 actions | 42:14)
5 Archmage
2 Summon Water Elemental
2 Brilliance Aura
1 Blizzard
» actions
| Assign group hotkey | 201 | |
| Basic commands | 13 | |
| Build / train | 439 | |
| Enter build submenu | 195 | |
| Enter hero's abilities submenu | 5 | |
| Remove unit from queue | 3 | |
| Right click | 1395 | |
| Select / deselect | 1051 | |
| Select group hotkey | 42 | |
| Use ability | 507 | |
3853 total
» units
» upgrades
| Masonry | 3 | |
| Lumber Harvesting | 2 | |
| Magic Sentry | 1 | |
| Priest Training | 1 | |
| Sorceress Training | 1 | |
8 total
» buildings
| Altar of Kings | 1 | |
| Farm | 14 | |
| Lumber Mill | 5 | |
| Scout Tower | 370 | |
| Guard Tower | 296 | |
| Arcane Tower | 4 | |
| Town Hall | 4 | |
| Keep | 1 | |
| Castle | 2 | |
| Arcane Sanctum | 1 | |
| Arcane Vault | 1 | |
699 total
» build order
00:07 Altar of Kings
00:09 Farm
00:45 Lumber Mill
00:47 Lumber Mill
01:20 Farm
01:34 Scout Tower
01:53 Farm
02:03 Guard Tower
02:22 Scout Tower
02:22 Scout Tower
02:23 Scout Tower
02:32 Scout Tower
02:49 Guard Tower
02:49 Guard Tower
02:50 Scout Tower
02:51 Scout Tower
03:00 Guard Tower
03:00 Guard Tower
03:09 Scout Tower
03:10 Scout Tower
03:10 Scout Tower
03:11 Scout Tower
03:17 Scout Tower
03:18 Scout Tower
03:18 Scout Tower
03:19 Scout Tower
03:20 Scout Tower
03:39 Guard Tower
03:39 Guard Tower
04:01 Guard Tower
04:02 Guard Tower
04:11 Scout Tower
04:12 Scout Tower
04:20 Guard Tower
04:21 Guard Tower
04:50 Guard Tower
04:50 Guard Tower
04:51 Guard Tower
05:05 Guard Tower
05:05 Guard Tower
05:06 Guard Tower
05:07 Guard Tower
05:23 Scout Tower
05:25 Scout Tower
05:25 Scout Tower
05:26 Scout Tower
05:30 Scout Tower
05:31 Scout Tower
05:32 Scout Tower
05:33 Scout Tower
05:42 Scout Tower
05:45 Scout Tower
05:47 Scout Tower
05:53 Guard Tower
05:53 Guard Tower
05:56 Guard Tower
05:56 Guard Tower
06:07 Guard Tower
06:07 Guard Tower
06:09 Guard Tower
06:09 Guard Tower
06:19 Guard Tower
06:19 Guard Tower
06:23 Arcane Tower
06:23 Arcane Tower
06:29 Guard Tower
06:29 Guard Tower
06:36 Guard Tower
06:39 Scout Tower
06:40 Scout Tower
06:40 Scout Tower
06:45 Scout Tower
06:45 Scout Tower
06:48 Scout Tower
06:49 Scout Tower
06:50 Scout Tower
06:50 Scout Tower
06:51 Scout Tower
07:09 Guard Tower
07:09 Guard Tower
07:09 Guard Tower
07:11 Scout Tower
07:11 Scout Tower
07:12 Scout Tower
07:12 Guard Tower
07:12 Guard Tower
07:15 Scout Tower
07:17 Scout Tower
07:17 Scout Tower
07:18 Scout Tower
07:19 Guard Tower
07:19 Guard Tower
08:33 Town Hall
08:39 Guard Tower
08:40 Guard Tower
09:01 Guard Tower
09:01 Guard Tower
09:02 Guard Tower
09:02 Guard Tower
09:07 Scout Tower
09:22 Guard Tower
09:22 Guard Tower
09:29 Scout Tower
09:30 Scout Tower
09:38 Scout Tower
09:38 Scout Tower
09:52 Guard Tower
09:52 Guard Tower
10:11 Scout Tower
10:12 Scout Tower
10:13 Scout Tower
10:14 Scout Tower
10:32 Guard Tower
10:51 Scout Tower
10:52 Scout Tower
10:52 Scout Tower
10:53 Scout Tower
10:53 Scout Tower
10:54 Scout Tower
10:55 Scout Tower
10:55 Scout Tower
11:17 Guard Tower
11:30 Guard Tower
11:30 Guard Tower
11:33 Scout Tower
11:34 Scout Tower
11:35 Scout Tower
11:36 Scout Tower
11:38 Scout Tower
11:43 Scout Tower
11:44 Scout Tower
11:44 Scout Tower
11:45 Scout Tower
11:46 Scout Tower
11:46 Scout Tower
11:47 Scout Tower
11:47 Scout Tower
11:48 Scout Tower
11:49 Scout Tower
11:51 Scout Tower
11:54 Guard Tower
11:54 Guard Tower
12:01 Guard Tower
12:03 Scout Tower
12:03 Scout Tower
12:04 Scout Tower
12:05 Scout Tower
12:09 Guard Tower
12:23 Scout Tower
12:23 Scout Tower
12:24 Scout Tower
12:24 Scout Tower
12:36 Guard Tower
12:36 Guard Tower
12:44 Guard Tower
12:44 Guard Tower
13:00 Guard Tower
13:01 Scout Tower
13:02 Scout Tower
13:18 Guard Tower
13:18 Guard Tower
13:47 Guard Tower
13:47 Guard Tower
13:50 Guard Tower
13:50 Guard Tower
13:54 Scout Tower
14:08 Keep
14:19 Scout Tower
14:20 Scout Tower
14:20 Scout Tower
14:23 Guard Tower
14:23 Guard Tower
14:32 Guard Tower
14:32 Guard Tower
14:45 Guard Tower
14:45 Guard Tower
15:00 Guard Tower
15:00 Guard Tower
15:09 Farm
15:20 Guard Tower
15:21 Guard Tower
15:23 Guard Tower
15:23 Guard Tower
15:26 Guard Tower
15:31 Guard Tower
15:36 Guard Tower
15:36 Guard Tower
15:48 Guard Tower
15:48 Guard Tower
16:09 Scout Tower
16:10 Scout Tower
16:12 Scout Tower
16:13 Scout Tower
16:15 Scout Tower
16:15 Scout Tower
16:16 Scout Tower
16:17 Scout Tower
16:21 Scout Tower
16:23 Scout Tower
16:23 Scout Tower
16:26 Scout Tower
16:28 Scout Tower
16:39 Guard Tower
17:12 Guard Tower
17:13 Guard Tower
17:17 Scout Tower
17:18 Scout Tower
17:19 Scout Tower
17:19 Scout Tower
17:20 Scout Tower
17:20 Scout Tower
17:22 Scout Tower
17:22 Scout Tower
17:25 Scout Tower
17:26 Scout Tower
17:28 Scout Tower
17:29 Scout Tower
17:39 Scout Tower
17:40 Scout Tower
17:41 Scout Tower
17:41 Scout Tower
17:42 Scout Tower
17:42 Scout Tower
17:43 Scout Tower
17:44 Scout Tower
17:47 Farm
17:54 Castle
18:01 Arcane Sanctum
18:03 Scout Tower
18:05 Scout Tower
18:05 Scout Tower
18:06 Scout Tower
18:06 Scout Tower
18:07 Scout Tower
18:13 Scout Tower
18:13 Scout Tower
18:14 Scout Tower
18:15 Scout Tower
18:16 Scout Tower
18:17 Scout Tower
18:18 Guard Tower
18:18 Guard Tower
18:21 Guard Tower
18:32 Guard Tower
18:32 Guard Tower
18:36 Guard Tower
18:37 Guard Tower
18:43 Scout Tower
18:43 Scout Tower
18:45 Scout Tower
18:46 Scout Tower
19:03 Guard Tower
19:04 Guard Tower
19:04 Guard Tower
19:07 Scout Tower
19:08 Scout Tower
19:08 Scout Tower
19:09 Scout Tower
19:15 Arcane Vault
19:18 Guard Tower
19:30 Guard Tower
19:30 Guard Tower
19:33 Guard Tower
19:33 Guard Tower
20:03 Scout Tower
20:04 Scout Tower
20:04 Scout Tower
20:05 Scout Tower
20:06 Scout Tower
20:06 Scout Tower
20:11 Guard Tower
20:11 Guard Tower
20:33 Scout Tower
20:33 Scout Tower
20:35 Scout Tower
20:35 Scout Tower
20:36 Scout Tower
20:36 Scout Tower
20:37 Scout Tower
20:37 Scout Tower
21:04 Scout Tower
21:05 Scout Tower
21:05 Scout Tower
21:06 Scout Tower
21:06 Scout Tower
21:09 Scout Tower
21:10 Scout Tower
21:10 Scout Tower
21:11 Scout Tower
21:11 Scout Tower
21:12 Scout Tower
21:12 Scout Tower
21:13 Scout Tower
21:40 Guard Tower
21:41 Scout Tower
21:46 Scout Tower
21:47 Scout Tower
21:48 Scout Tower
21:48 Scout Tower
21:49 Scout Tower
21:53 Guard Tower
21:53 Guard Tower
22:13 Guard Tower
22:14 Guard Tower
22:17 Scout Tower
22:17 Scout Tower
22:18 Scout Tower
22:18 Scout Tower
22:19 Scout Tower
22:20 Scout Tower
22:20 Scout Tower
22:21 Scout Tower
22:21 Scout Tower
22:22 Scout Tower
22:23 Guard Tower
22:23 Guard Tower
22:51 Scout Tower
22:53 Scout Tower
22:54 Scout Tower
22:55 Scout Tower
22:56 Scout Tower
22:56 Scout Tower
22:57 Scout Tower
22:58 Scout Tower
22:58 Scout Tower
22:59 Scout Tower
23:00 Guard Tower
23:00 Guard Tower
23:01 Guard Tower
23:47 Guard Tower
23:47 Guard Tower
23:50 Scout Tower
23:50 Scout Tower
23:51 Scout Tower
23:52 Scout Tower
23:54 Scout Tower
23:57 Scout Tower
23:58 Scout Tower
24:00 Guard Tower
24:01 Guard Tower
24:21 Guard Tower
24:21 Guard Tower
24:54 Guard Tower
24:55 Guard Tower
25:20 Town Hall
26:02 Scout Tower
26:04 Scout Tower
26:04 Scout Tower
26:05 Scout Tower
26:06 Scout Tower
26:07 Scout Tower
26:07 Scout Tower
26:08 Scout Tower
26:09 Scout Tower
26:13 Scout Tower
26:14 Scout Tower
26:14 Scout Tower
26:15 Scout Tower
26:42 Guard Tower
26:43 Guard Tower
27:00 Guard Tower
27:04 Guard Tower
27:04 Guard Tower
27:24 Guard Tower
27:24 Guard Tower
27:37 Scout Tower
27:39 Scout Tower
27:42 Scout Tower
27:43 Scout Tower
27:44 Scout Tower
27:52 Farm
27:53 Farm
27:55 Farm
27:56 Farm
28:07 Guard Tower
28:07 Guard Tower
28:17 Guard Tower
28:17 Guard Tower
28:34 Guard Tower
28:34 Guard Tower
29:12 Town Hall
29:23 Guard Tower
29:55 Scout Tower
29:56 Scout Tower
29:57 Scout Tower
29:59 Scout Tower
30:14 Scout Tower
30:15 Scout Tower
30:15 Scout Tower
30:16 Scout Tower
30:17 Scout Tower
30:18 Scout Tower
30:19 Scout Tower
30:22 Scout Tower
30:23 Scout Tower
30:24 Guard Tower
30:24 Guard Tower
30:37 Scout Tower
30:37 Scout Tower
30:38 Scout Tower
30:39 Scout Tower
30:39 Scout Tower
30:40 Scout Tower
30:41 Scout Tower
30:43 Scout Tower
30:44 Scout Tower
30:44 Scout Tower
30:45 Scout Tower
30:45 Scout Tower
30:54 Guard Tower
30:54 Guard Tower
30:56 Scout Tower
31:03 Guard Tower
31:03 Guard Tower
31:17 Farm
31:18 Farm
31:18 Farm
31:23 Guard Tower
31:23 Guard Tower
31:32 Guard Tower
31:32 Guard Tower
31:39 Scout Tower
31:40 Scout Tower
31:41 Scout Tower
31:41 Scout Tower
31:42 Scout Tower
31:43 Scout Tower
31:44 Guard Tower
31:44 Guard Tower
32:08 Guard Tower
32:08 Guard Tower
32:32 Lumber Mill
32:37 Guard Tower
32:50 Guard Tower
32:50 Guard Tower
32:50 Guard Tower
33:06 Scout Tower
33:08 Scout Tower
33:09 Scout Tower
33:10 Scout Tower
33:11 Scout Tower
33:11 Scout Tower
33:13 Scout Tower
33:15 Scout Tower
33:16 Scout Tower
33:16 Scout Tower
33:25 Guard Tower
33:25 Guard Tower
33:30 Scout Tower
33:31 Scout Tower
33:32 Scout Tower
33:32 Scout Tower
33:33 Scout Tower
33:34 Scout Tower
33:35 Scout Tower
33:36 Scout Tower
33:36 Scout Tower
33:37 Scout Tower
33:53 Guard Tower
33:53 Guard Tower
34:01 Guard Tower
34:01 Guard Tower
34:03 Scout Tower
34:04 Scout Tower
34:05 Scout Tower
34:06 Guard Tower
34:07 Guard Tower
34:14 Scout Tower
34:14 Scout Tower
34:15 Scout Tower
34:15 Scout Tower
34:17 Scout Tower
34:18 Guard Tower
34:19 Guard Tower
34:30 Scout Tower
34:31 Scout Tower
34:32 Scout Tower
34:32 Scout Tower
34:33 Scout Tower
34:35 Scout Tower
34:36 Scout Tower
34:37 Scout Tower
34:37 Scout Tower
34:38 Scout Tower
34:40 Guard Tower
34:41 Guard Tower
34:42 Guard Tower
34:45 Scout Tower
34:45 Scout Tower
34:46 Scout Tower
34:46 Scout Tower
34:47 Scout Tower
34:49 Scout Tower
34:51 Guard Tower
34:51 Guard Tower
34:57 Guard Tower
34:57 Guard Tower
35:09 Guard Tower
35:19 Guard Tower
35:19 Guard Tower
35:27 Guard Tower
35:29 Scout Tower
35:30 Scout Tower
35:43 Guard Tower
35:43 Guard Tower
35:45 Scout Tower
35:46 Scout Tower
35:46 Scout Tower
35:47 Scout Tower
35:48 Scout Tower
35:48 Scout Tower
35:49 Scout Tower
35:49 Scout Tower
35:50 Scout Tower
36:09 Guard Tower
36:20 Guard Tower
36:23 Scout Tower
36:24 Scout Tower
36:24 Scout Tower
36:25 Scout Tower
36:26 Scout Tower
36:41 Guard Tower
36:41 Guard Tower
36:49 Scout Tower
36:49 Scout Tower
36:50 Scout Tower
36:51 Scout Tower
36:56 Lumber Mill
37:08 Guard Tower
37:08 Guard Tower
37:08 Guard Tower
37:17 Scout Tower
37:18 Scout Tower
37:18 Scout Tower
37:26 Guard Tower
37:26 Guard Tower
37:30 Scout Tower
37:31 Scout Tower
37:32 Scout Tower
37:32 Scout Tower
37:33 Scout Tower
37:36 Scout Tower
37:36 Scout Tower
38:00 Guard Tower
38:00 Guard Tower
38:11 Guard Tower
38:11 Guard Tower
38:14 Guard Tower
38:14 Guard Tower
38:20 Guard Tower
38:20 Guard Tower
38:22 Scout Tower
38:22 Scout Tower
38:23 Scout Tower
38:47 Farm
38:47 Farm
38:49 Guard Tower
38:50 Guard Tower
38:50 Guard Tower
39:06 Guard Tower
39:06 Guard Tower
39:15 Scout Tower
39:15 Scout Tower
39:16 Scout Tower
39:16 Scout Tower
39:17 Scout Tower
39:19 Scout Tower
39:20 Scout Tower
39:23 Scout Tower
39:24 Scout Tower
39:24 Scout Tower
39:25 Scout Tower
39:25 Scout Tower
39:26 Scout Tower
39:40 Guard Tower
39:41 Scout Tower
39:42 Scout Tower
39:42 Scout Tower
39:52 Scout Tower
39:53 Scout Tower
39:53 Scout Tower
39:54 Scout Tower
39:55 Guard Tower
39:55 Guard Tower
39:55 Guard Tower
40:16 Guard Tower
40:25 Lumber Mill
40:46 Town Hall
40:52 Guard Tower
40:57 Scout Tower
40:58 Scout Tower
41:00 Scout Tower
41:02 Scout Tower
41:03 Scout Tower
41:04 Scout Tower
41:25 Guard Tower
41:25 Guard Tower
41:30 Guard Tower
41:30 Guard Tower
41:33 Scout Tower
41:36 Scout Tower
41:37 Scout Tower
41:37 Scout Tower
41:38 Scout Tower
41:39 Scout Tower
41:44 Guard Tower
41:44 Guard Tower
41:48 Scout Tower
41:49 Scout Tower
41:49 Scout Tower
41:50 Scout Tower
41:50 Scout Tower
» items
| Healing Salve | 2 | |
| Lesser Clarity Potion | 2 | |
4 total
RoganJosh.Yum (
purple | 123 APM | 5199 actions | 42:16)
6 Tauren Chieftain
3 Shockwave
2 Endurance Aura
1 Reincarnation
6 Pandaren Brewmaster
3 Breath of Fire
1 Drunken Brawler
1 Drunken Haze
1 Storm Earth and Fire
» actions
| Assign group hotkey | 507 | |
| Build / train | 85 | |
| ESC pressed | 3 | |
| Enter build submenu | 59 | |
| Enter hero's abilities submenu | 13 | |
| Give item / drop item | 6 | |
| Right click | 2641 | |
| Select / deselect | 545 | |
| Select group hotkey | 828 | |
| Use ability | 511 | |
5199 total
» units
| Peon | 29 | |
| Troll Batrider | 9 | |
| Goblin Zeppelin | 1 | |
39 total
» upgrades
| Spiked Barricades | 1 | |
| Liquid Fire | 1 | |
| Reinforced Defenses | 1 | |
3 total
» buildings
| Altar of Storms | 3 | |
| Orc Burrow | 14 | |
| War Mill | 3 | |
| Watch Tower | 23 | |
| Voodoo Lounge | 3 | |
| Stronghold | 4 | |
| Fortress | 2 | |
| Beastiary | 9 | |
| Great Hall | 2 | |
63 total
» build order
00:01 Altar of Storms
00:11 Orc Burrow
00:46 War Mill
01:55 Orc Burrow
02:10 Watch Tower
03:07 Watch Tower
03:09 Watch Tower
03:22 Voodoo Lounge
03:57 Watch Tower
04:30 Watch Tower
04:39 Stronghold
04:40 Stronghold
04:40 Stronghold
05:36 Orc Burrow
05:44 Watch Tower
06:42 Orc Burrow
07:16 Watch Tower
07:16 Watch Tower
07:19 Watch Tower
07:20 Watch Tower
07:22 Watch Tower
07:22 Watch Tower
08:44 Watch Tower
08:48 Fortress
10:00 Watch Tower
10:01 Watch Tower
10:20 Watch Tower
10:21 Watch Tower
10:21 Watch Tower
10:27 Altar of Storms
11:41 Beastiary
11:42 Beastiary
11:43 Beastiary
11:44 Beastiary
11:45 Beastiary
11:47 Beastiary
12:51 Great Hall
13:02 Beastiary
13:03 Beastiary
13:04 Beastiary
13:29 Orc Burrow
13:30 Orc Burrow
13:32 Orc Burrow
14:11 Voodoo Lounge
14:12 Voodoo Lounge
16:57 Watch Tower
16:57 Watch Tower
16:58 Watch Tower
16:59 Watch Tower
17:02 Watch Tower
20:11 War Mill
24:07 Altar of Storms
24:10 Orc Burrow
24:10 Orc Burrow
30:42 Great Hall
37:00 War Mill
38:55 Stronghold
38:59 Orc Burrow
39:00 Orc Burrow
40:33 Orc Burrow
40:34 Orc Burrow
40:35 Orc Burrow
» items
| Healing Salve | 4 | |
| Lesser Clarity Potion | 2 | |
| Scroll of Speed | 1 | |
| Orb of Lightning | 2 | |
| Scroll of Town Portal | 3 | |
| Sobi Mask | 2 | |
| Robe of the Magi +6 | 2 | |
| Mana Stone | 1 | |
| Staff of Sanctuary | 2 | |
19 total
TIMG4STRok (
blue | 70 APM | 2953 actions | 42:14)
6 Paladin
3 Holy Light
1 Devotion Aura
2 Divine Shield
» actions
| Assign group hotkey | 4 | |
| Basic commands | 9 | |
| Build / train | 177 | |
| ESC pressed | 4 | |
| Enter build submenu | 150 | |
| Enter hero's abilities submenu | 7 | |
| Give item / drop item | 4 | |
| Right click | 1383 | |
| Select / deselect | 461 | |
| Select group hotkey | 359 | |
| Use ability | 395 | |
2953 total
» units
» upgrades
| Masonry | 3 | |
| Lumber Harvesting | 2 | |
| Magic Sentry | 1 | |
6 total
» buildings
| Altar of Kings | 3 | |
| Farm | 5 | |
| Lumber Mill | 6 | |
| Scout Tower | 287 | |
| Arcane Tower | 2 | |
| Guard Tower | 109 | |
| Keep | 1 | |
| Arcane Vault | 3 | |
| Town Hall | 1 | |
| Arcane Sanctum | 1 | |
| Castle | 1 | |
| Gryphon Aviary | 1 | |
420 total
» build order
00:07 Altar of Kings
00:13 Altar of Kings
00:23 Farm
00:32 Lumber Mill
01:01 Farm
01:24 Scout Tower
01:31 Scout Tower
01:54 Arcane Tower
02:01 Arcane Tower
02:45 Scout Tower
02:46 Scout Tower
02:58 Scout Tower
02:59 Scout Tower
03:01 Scout Tower
03:02 Scout Tower
03:14 Guard Tower
03:14 Guard Tower
03:40 Guard Tower
03:48 Guard Tower
04:00 Guard Tower
04:00 Guard Tower
04:00 Guard Tower
04:40 Scout Tower
04:41 Scout Tower
04:50 Scout Tower
04:51 Scout Tower
04:52 Scout Tower
04:53 Scout Tower
04:55 Farm
05:21 Guard Tower
05:22 Guard Tower
05:24 Keep
05:28 Guard Tower
05:41 Scout Tower
05:44 Scout Tower
05:53 Scout Tower
05:54 Scout Tower
06:01 Guard Tower
06:03 Scout Tower
06:07 Scout Tower
06:14 Guard Tower
06:15 Guard Tower
06:15 Guard Tower
06:30 Guard Tower
06:37 Scout Tower
06:38 Scout Tower
06:42 Scout Tower
06:43 Scout Tower
06:47 Scout Tower
06:53 Scout Tower
06:55 Scout Tower
06:58 Scout Tower
07:01 Scout Tower
07:14 Guard Tower
07:14 Guard Tower
07:16 Guard Tower
07:19 Scout Tower
07:20 Scout Tower
07:21 Guard Tower
07:59 Guard Tower
08:01 Lumber Mill
08:32 Guard Tower
08:33 Scout Tower
08:35 Scout Tower
08:50 Arcane Vault
09:41 Town Hall
09:47 Guard Tower
09:53 Arcane Sanctum
10:27 Scout Tower
10:28 Scout Tower
10:29 Scout Tower
10:30 Scout Tower
10:32 Scout Tower
10:32 Scout Tower
10:33 Scout Tower
10:33 Scout Tower
11:02 Guard Tower
11:03 Guard Tower
11:31 Scout Tower
11:31 Scout Tower
11:32 Scout Tower
11:33 Scout Tower
11:33 Scout Tower
11:34 Scout Tower
12:01 Guard Tower
12:17 Guard Tower
12:35 Guard Tower
12:37 Scout Tower
12:37 Scout Tower
12:38 Scout Tower
12:39 Scout Tower
12:40 Scout Tower
12:41 Scout Tower
12:42 Scout Tower
13:11 Guard Tower
13:13 Scout Tower
13:14 Scout Tower
13:15 Scout Tower
13:15 Scout Tower
13:16 Scout Tower
13:17 Scout Tower
13:17 Scout Tower
13:18 Scout Tower
13:19 Scout Tower
13:20 Scout Tower
13:28 Guard Tower
13:32 Castle
13:41 Scout Tower
13:42 Scout Tower
13:42 Scout Tower
13:43 Scout Tower
13:45 Scout Tower
13:45 Scout Tower
14:12 Guard Tower
14:20 Guard Tower
14:50 Guard Tower
14:55 Guard Tower
14:59 Lumber Mill
15:03 Scout Tower
15:03 Scout Tower
15:04 Scout Tower
15:04 Scout Tower
15:05 Scout Tower
15:08 Guard Tower
15:08 Guard Tower
15:08 Guard Tower
15:08 Guard Tower
15:21 Guard Tower
15:33 Guard Tower
15:34 Guard Tower
15:38 Scout Tower
15:39 Scout Tower
15:41 Scout Tower
15:42 Scout Tower
15:43 Scout Tower
15:44 Scout Tower
15:48 Scout Tower
15:48 Scout Tower
15:49 Scout Tower
15:50 Scout Tower
15:51 Scout Tower
15:52 Scout Tower
15:52 Scout Tower
15:53 Scout Tower
15:54 Scout Tower
15:54 Scout Tower
16:19 Guard Tower
16:28 Guard Tower
17:23 Guard Tower
17:34 Guard Tower
17:40 Guard Tower
17:44 Scout Tower
17:47 Scout Tower
17:58 Lumber Mill
18:02 Scout Tower
18:03 Scout Tower
18:04 Scout Tower
18:08 Guard Tower
18:10 Scout Tower
18:11 Scout Tower
18:12 Scout Tower
18:13 Scout Tower
18:13 Scout Tower
18:14 Scout Tower
18:15 Scout Tower
18:16 Scout Tower
18:17 Scout Tower
18:18 Scout Tower
18:19 Scout Tower
18:19 Scout Tower
18:27 Guard Tower
18:48 Guard Tower
18:53 Guard Tower
18:56 Guard Tower
19:00 Guard Tower
19:05 Scout Tower
19:05 Scout Tower
19:06 Scout Tower
19:07 Scout Tower
19:07 Scout Tower
19:08 Scout Tower
19:08 Scout Tower
19:09 Scout Tower
19:10 Scout Tower
19:10 Scout Tower
19:12 Scout Tower
19:12 Scout Tower
19:19 Guard Tower
19:30 Guard Tower
19:40 Guard Tower
19:40 Guard Tower
19:42 Scout Tower
19:43 Scout Tower
19:44 Scout Tower
20:17 Guard Tower
20:22 Guard Tower
20:26 Scout Tower
20:26 Scout Tower
20:27 Scout Tower
20:27 Scout Tower
20:28 Scout Tower
20:28 Scout Tower
20:29 Scout Tower
20:30 Scout Tower
20:30 Scout Tower
20:32 Guard Tower
20:35 Guard Tower
20:40 Scout Tower
20:41 Scout Tower
20:41 Scout Tower
20:42 Scout Tower
20:43 Scout Tower
20:43 Scout Tower
20:44 Scout Tower
20:44 Scout Tower
20:45 Scout Tower
20:46 Scout Tower
20:47 Scout Tower
20:52 Guard Tower
20:57 Guard Tower
21:01 Scout Tower
21:03 Scout Tower
21:04 Scout Tower
21:05 Scout Tower
21:06 Scout Tower
21:06 Scout Tower
21:17 Guard Tower
21:19 Scout Tower
21:20 Scout Tower
21:22 Scout Tower
21:22 Scout Tower
21:23 Scout Tower
21:24 Scout Tower
21:25 Scout Tower
21:26 Scout Tower
21:27 Scout Tower
21:27 Scout Tower
21:28 Scout Tower
21:28 Scout Tower
22:11 Guard Tower
22:29 Guard Tower
23:01 Guard Tower
23:30 Guard Tower
23:33 Guard Tower
23:36 Scout Tower
23:37 Scout Tower
23:38 Scout Tower
23:39 Scout Tower
23:40 Scout Tower
23:58 Guard Tower
24:01 Guard Tower
24:04 Scout Tower
24:05 Scout Tower
24:05 Scout Tower
24:09 Guard Tower
24:16 Guard Tower
24:24 Guard Tower
24:25 Guard Tower
24:33 Guard Tower
24:36 Scout Tower
24:37 Scout Tower
24:38 Scout Tower
24:39 Scout Tower
24:39 Scout Tower
24:40 Scout Tower
24:41 Scout Tower
24:41 Scout Tower
24:42 Scout Tower
24:42 Scout Tower
24:43 Scout Tower
24:43 Scout Tower
24:45 Scout Tower
25:01 Guard Tower
25:28 Guard Tower
25:30 Scout Tower
25:31 Scout Tower
25:32 Scout Tower
25:40 Scout Tower
25:41 Scout Tower
25:42 Scout Tower
25:43 Scout Tower
25:45 Guard Tower
25:55 Scout Tower
25:56 Scout Tower
25:57 Scout Tower
25:57 Scout Tower
26:01 Scout Tower
26:02 Scout Tower
26:03 Scout Tower
26:04 Scout Tower
26:05 Scout Tower
26:06 Scout Tower
26:08 Scout Tower
26:10 Scout Tower
26:16 Arcane Vault
26:19 Lumber Mill
26:23 Gryphon Aviary
26:31 Guard Tower
26:33 Guard Tower
26:35 Guard Tower
26:36 Guard Tower
26:43 Scout Tower
26:43 Scout Tower
26:44 Scout Tower
26:45 Scout Tower
26:46 Scout Tower
26:47 Scout Tower
26:58 Guard Tower
27:20 Guard Tower
27:25 Guard Tower
27:29 Scout Tower
27:36 Scout Tower
27:37 Scout Tower
27:38 Scout Tower
27:39 Scout Tower
27:39 Scout Tower
27:40 Scout Tower
27:41 Scout Tower
27:42 Scout Tower
27:43 Scout Tower
27:44 Scout Tower
27:45 Scout Tower
27:46 Scout Tower
27:48 Guard Tower
27:55 Scout Tower
27:57 Scout Tower
27:58 Scout Tower
27:59 Scout Tower
28:00 Scout Tower
28:02 Guard Tower
28:10 Guard Tower
28:23 Guard Tower
28:24 Guard Tower
28:36 Guard Tower
28:43 Scout Tower
28:44 Scout Tower
28:45 Scout Tower
28:45 Scout Tower
28:46 Scout Tower
28:47 Scout Tower
28:47 Scout Tower
28:48 Scout Tower
28:50 Guard Tower
29:07 Scout Tower
29:08 Scout Tower
29:10 Scout Tower
29:11 Scout Tower
29:16 Guard Tower
29:41 Farm
29:44 Farm
29:49 Guard Tower
29:51 Scout Tower
29:52 Scout Tower
29:54 Scout Tower
29:55 Scout Tower
29:55 Scout Tower
29:58 Scout Tower
30:42 Guard Tower
30:50 Scout Tower
30:52 Scout Tower
30:56 Guard Tower
31:01 Scout Tower
31:02 Scout Tower
31:03 Scout Tower
31:03 Scout Tower
31:04 Scout Tower
31:04 Scout Tower
31:05 Scout Tower
31:06 Scout Tower
31:06 Scout Tower
31:06 Scout Tower
31:41 Guard Tower
31:58 Guard Tower
32:03 Guard Tower
33:14 Guard Tower
33:17 Scout Tower
33:18 Scout Tower
33:18 Scout Tower
33:19 Scout Tower
33:20 Scout Tower
33:21 Scout Tower
33:33 Guard Tower
33:39 Scout Tower
33:39 Scout Tower
33:40 Scout Tower
33:42 Scout Tower
33:42 Scout Tower
34:43 Guard Tower
34:47 Scout Tower
34:47 Scout Tower
34:48 Scout Tower
34:49 Scout Tower
34:49 Scout Tower
34:50 Scout Tower
35:59 Guard Tower
36:03 Guard Tower
36:16 Guard Tower
36:19 Scout Tower
36:21 Guard Tower
36:29 Lumber Mill
37:14 Guard Tower
37:29 Scout Tower
37:30 Scout Tower
37:31 Scout Tower
37:41 Altar of Kings
38:51 Scout Tower
38:52 Scout Tower
38:53 Scout Tower
38:54 Scout Tower
38:55 Scout Tower
38:56 Scout Tower
38:57 Scout Tower
38:58 Scout Tower
38:58 Scout Tower
39:13 Guard Tower
40:56 Scout Tower
40:57 Scout Tower
41:38 Arcane Vault
41:44 Guard Tower
» items
| Lesser Clarity Potion | 2 | |
| Healing Salve | 2 | |
| Belt of Giant Strength +6 | 3 | |
| Runed Bracers | 2 | |
| Orb of Lightning | 1 | |
| Inferno Stone | 1 | |
| Potion of Healing | 1 | |
| Ankh of Reincarnation | 1 | |
13 total
Chat log
(12:27 / All) arensis: a q juegan
(35:51 / Allies) TIMG4STRok: \what happen
(37:03 / All) elfprincess: play only to defend
(37:06 / All) elfprincess: very coward
(37:22 / Allies) MasonryUpgrade: very towardly
(41:56 / All) elfprincess: bye noobs
(42:02 / All) elfprincess: really disgusting
(42:04 / All) TIMG4STRok: thanks for playing
(42:06 / All) elfprincess: only towers
(42:08 / All) MasonryUpgrade: gg byeo
(42:09 / All) TIMG4STRok: thanks for free win
(42:11 / All) RoganJosh.Yum: YOU LOSE